 Dungeon Crawl Stone Soup version 0.21-a0-243-g597973d (webtiles) character file.

2002 RandomMack the Unseen (level 9, -2/41 HPs)
             Began as a Spriggan Assassin on Sept 4, 2017.
             Was a Believer of Ashenzari.
             Slain by a komodo dragon (30 damage)
             ... on level 5 of the Lair of Beasts.
             The game lasted 00:10:01 (3437 turns).

RandomMack the Unseen (Spriggan Assassin)           Turns: 3437, Time: 00:10:02

Health: -2/41      AC:  9    Str:  7    XL:     9   Next: 2%
Magic:  10/10      EV: 17    Int: 13    God:    Ashenzari [**....]
Gold:   433        SH:  0    Dex: 20    Spells: 8/8 levels left

rFire    + . .     SeeInvis +   a - +2 dagger (curse)
rCold    . . .     Gourm    .   (shield restricted)
rNeg     . . .     Faith    .   p - +2 robe
rPois    .         Spirit   .   u - +2 hat
rElec    .         Reflect  .   n - +2 cloak (curse)
rCorr    .         Harm     .   (gloves unavailable)
MR       +....                  (boots unavailable)
Stlth    +++++++...             (no amulet)
HPRegen  0.13/turn              t - ring of protection from fire {rF+, !d}
MPRegen  0.12/turn              (no ring)

@: very quick
A: unfitting armour, see invisible, herbivore 3, speed 3, slow metabolism 2
a: Curse Item, Scrying, Renounce Religion


You were on level 5 of the Lair of Beasts.
You worshipped Ashenzari.
Ashenzari was pleased with you.
You were not hungry.

You visited 2 branches of the dungeon, and saw 15 of its levels.
You also visited: Bailey.

You collected 433 gold pieces.

Inventory:

Hand Weapons
 a - a cursed +2 dagger (weapon)
 b - a +0 blowgun
Missiles
 e - 46 poisoned needles
 f - 2 curare-tipped needles
Armour
 n - a cursed +2 cloak (worn)
   (You found it on level 3 of the Dungeon)
 p - a +2 robe (worn)
 u - a +2 hat (worn)
   (You found it on level 7 of the Dungeon)
Jewellery
 t - a ring of protection from fire (left hand) {rF+, !d}
   (You found it on level 1 of the Lair of Beasts)
Wands
 d - a wand of confusion (30/48)
   (You found it on level 6 of the Dungeon)
 q - a wand of polymorph (12/24)
   (You found it on level 5 of the Dungeon)
Scrolls
 s - 2 scrolls of teleportation
 w - a scroll of fear
 x - a scroll of enchant armour
Potions
 c - 3 potions of curing
 h - 2 potions of lignification {unknown}
 i - 2 potions of heal wounds {unknown}
 j - 2 potions of might
 k - a potion of brilliance
 l - a potion of degeneration {unknown}
 o - a potion of resistance {unknown}
 r - a potion of flight {unknown}
Comestibles
 g - 5 bread rations {@e1}
 m - 7 fruits
 v - a royal jelly


   Skills:
 - Level 1.5 Fighting
 - Level 2.1(3.9) Short Blades
 - Level 2.0 Throwing
 - Level 1.5 Dodging
 + Level 17.5 Stealth


You had 8 spell levels left.
You didn't know any spells.

Dungeon Overview and Level Annotations

Branches:
Dungeon (10/15)            Temple (0/1) D:7            Lair (5/6) D:10
 Shoals (0/4) Lair:2       Spider (0/4) Lair:3
  Slime: Lair:5-6       Orc: D:9-12

Altars:
Ashenzari
Okawaru
Sif Muna
Vehumet
Wu Jian

Annotations:
D:4 anything's ghost, novice KoSu
D:6 Dowan; Duvessa
Lair:4 exclusion: Josephine, Josephine


Innate Abilities, Weirdness & Mutations

You are very small and have problems with some larger weapons.
You are too small for most types of armour.
You have supernaturally acute eyesight. (SInv)
You are a herbivore.
You cover ground extremely quickly.
You need consume almost no food.


Message History

Your life force feels restored.
There is a stone staircase leading down here.
You start resting.
Health restored: 37 You climb downwards.
There is a stone staircase leading up here.
v - a royal jelly
j - 2 potions of might (gained 1)
You now have 416 gold pieces (gained 22).
A spiny frog comes into view.
Found a stone staircase leading up.
The helpless spiny frog fails to defend itself.
You skewer the spiny frog like a kebab!!!!
You kill the spiny frog!
Your Stealth skill increases to level 17!
You have reached level 9!
Your experience leads to an increase in your attributes!
Increase (S)trength, (I)ntelligence, or (D)exterity?
You feel agile.
Health restored: 41; MP restored: 10 Put on which piece of jewellery? (? for menu, Esc to quit)
Okay, then.
Put on which piece of jewellery? (? for menu, Esc to quit)
t - a ring of protection from fire (left hand) {rF+, !d} You see here a spiny frog corpse.
A blink frog comes into view.
A merfolk siren comes into view. It is wielding a spear.
Found a staircase to the Shoals.
Found a stone staircase leading down.
You see here 14 arrows.
There is a stone staircase leading down here.
You climb downwards.
You feel an oppressive heat about you.
There is an entrance to a volcano on this level.
Hurry and find it before the entrance collapses!
You have a vision of a gate.
There is a stone staircase leading up here.
Unknown command.
Unknown command.
You now have 433 gold pieces (gained 17).
A porcupine comes into view.
A water moccasin comes into view.
A redback comes into view.
Found a stone staircase leading up.
w - a scroll of identify A wyvern comes into view.
Found an escape hatch in the floor.
A black mamba comes into view.
The black mamba hisses angrily.
There is an escape hatch in the floor here.
You slide downwards.
The hatch slams shut behind you.
x - a scroll of enchant armour
As you read the scroll of identify, it crumbles to dust.
c - 3 potions of curing A hell rat comes into view.
A wraith comes into view. 2 wraiths and Josephine come into view.
A death yak comes into view. 2 death yaks come into view.
Found a stone staircase leading up.
m - 7 fruits (gained 3)
Found a stone staircase leading down.
There is a stone staircase leading up here.
You enter the shallow water.
Moving in this stuff is going to be slow.
Why would you want to do that?
w - 2 scrolls labeled OVYF DERYETO You enter the shallow water.
Moving in this stuff is going to be slow.
There is a stone staircase leading down here.
As you read the scroll labeled OVYF DERYETO, it crumbles to dust.
You assume a fearsome visage.
Nothing appears to happen.
It was a scroll of fear.
You climb downwards.
Found a stone staircase leading up.
There is a stone staircase leading up here.
A spiny frog comes into view.
There is a stone staircase leading up here.
A komodo dragon comes into view.
The komodo dragon hisses angrily.
The komodo dragon bites you!
You take 15 damage, and have 26/41 hp.
MASSIVE DAMAGE!!
Aim: a komodo dragon (chance to defeat MR: 28%)
Okay, then.
Aim: a komodo dragon (chance to defeat MR: 28%)
The komodo dragon easily resists.
This wand has 31 charges left.
Aim: a komodo dragon (chance to defeat MR: 28%)
The komodo dragon appears confused.
This wand has 30 charges left.
The komodo dragon barely misses itself.
You barely miss the komodo dragon.
You hit the komodo dragon but do no damage.
You hit the komodo dragon but do no damage.
You catch the helpless komodo dragon completely off-guard!
You skewer the komodo dragon like a kebab!!!
You hit the komodo dragon but do no damage.
The komodo dragon bites the plant.
The komodo dragon bites the plant but does no damage.
The komodo dragon seems less confused.
The komodo dragon bites you!!
Ouch! That really hurt!
You die...

### ##.# ######## #..##
##.#...#. #...# #....P... *
#...## ##....P...
**#P.###...P########....P....
..........l##P.#.#P.#######
.....#....@.P.......# ###*
#####......P..## *
##.......<### *#...........#
#.......<...P#
#......P.##.### ##.......##.#
#.#.....###.# ####..### ...**


You could see a komodo dragon.

Vanquished Creatures
  An orc knight (Bailey)
  A spiny frog (Lair:2)
  A wyvern (Lair:1)
  A hungry ghost (D:7)
  An ogre (D:7)
  4 centaurs
  4 bullfrogs
  A scorpion (D:8)
  2 wights (D:10)
  A howler monkey (D:7)
  A crimson imp (D:6)
  3 hounds
  2 jellies (D:7)
  2 hound skeletons (D:9)
  A howler monkey zombie (D:6)
  3 adders
  A worm (D:6)
  A leopard gecko (D:4)
  4 orcs
  2 goblins (D:10)
  A hobgoblin (D:2)
  2 jackals (D:6)
  4 frilled lizards
  A kobold (D:2)
  A quokka skeleton (D:6)
46 creatures vanquished.

Notes
Turn   | Place    | Note
-------+----------+-------------------------------------------
     0 | D:1      | RandomMack the Spriggan Assassin began the quest for the Orb.
     0 | D:1      | Reached XP level 1. HP: 10/10 MP: 2/2
    46 | D:1      | Reached skill level 6 in Stealth
   259 | D:3      | Reached XP level 2. HP: 11/14 MP: 3/3
   442 | D:4      | Found a shattered altar of Ashenzari.
   452 | D:4      | Became a worshipper of Ashenzari the Shackled
   621 | D:4      | Noticed an ogre
   622 | D:4      | Found an iron altar of Okawaru.
   628 | D:4      | Noticed anything's ghost (novice KoSu)
   657 | D:5      | Entered Level 5 of the Dungeon
   657 | D:5      | Noticed a centaur
   660 | D:5      | Killed a centaur
   660 | D:5      | Reached skill level 9 in Stealth
   660 | D:5      | Reached XP level 3. HP: 18/18 MP: 4/4
   660 | D:5      | Reached XP level 4. HP: 22/22 MP: 5/5
   694 | D:6      | Noticed Duvessa
   774 | D:6      | Reached XP level 5. HP: 8/25 MP: 6/6
  1102 | D:6      | Reached skill level 10 in Stealth
  1276 | D:6      | Noticed Dowan
  1286 | D:6      | Noticed a black bear
  1364 | D:6      | Noticed a centaur
  1382 | D:6      | Killed a centaur
  1382 | D:6      | Reached skill level 11 in Stealth
  1382 | D:6      | Reached XP level 6. HP: 9/30 MP: 7/7
  1710 | D:7      | Found a staircase to the Ecumenical Temple.
  1711 | D:7      | Reached skill level 12 in Stealth
  1717 | D:7      | Reached XP level 7. HP: 33/33 MP: 8/8
  1731 | D:7      | Reached * piety under Ashenzari
  1742 | D:7      | Found a deep blue altar of Sif Muna.
  1782 | D:7      | Reached skill level 13 in Stealth
  1922 | D:7      | Noticed a hungry ghost
  1923 | D:7      | HP: 7/33 [ogre/giant spiked club (26)]
  1963 | D:7      | Killed a hungry ghost
  2189 | D:7      | Found a radiant altar of Vehumet.
  2204 | D:7      | Found an ornate altar of the Wu Jian Council.
  2204 | D:7      | Noticed an orc knight
  2207 | D:7      | Found a transporter.
  2212 | D:7      | Noticed a slime creature
  2217 | D:7      | Found a transporter.
  2355 | D:8      | Reached skill level 14 in Stealth
  2474 | D:8      | Noticed a two-headed ogre
  2509 | D:9      | Reached XP level 8. HP: 25/37 MP: 9/9
  2687 | D:10     | Entered Level 10 of the Dungeon
  2696 | D:10     | Reached skill level 15 in Stealth
  2715 | D:10     | Found a flagged portal.
  2737 | D:10     | Found a staircase to the Lair.
  2752 | Bailey   | Entered a bailey
  2772 | Bailey   | Noticed an orc knight
  2775 | Bailey   | Killed an orc knight
  2775 | Bailey   | Reached skill level 16 in Stealth
  2885 | D:10     | Noticed a troll
  2916 | Lair:1   | Entered Level 1 of the Lair of Beasts
  2921 | Lair:1   | Noticed a black mamba
  2940 | Lair:1   | Reached ** piety under Ashenzari
  3161 | Lair:2   | Noticed a spiny frog
  3167 | Lair:2   | Killed a spiny frog
  3167 | Lair:2   | Reached skill level 17 in Stealth
  3167 | Lair:2   | Reached XP level 9. HP: 41/41 MP: 10/10
  3242 | Lair:2   | Noticed a merfolk siren
  3244 | Lair:2   | Found a staircase to the Shoals.
  3292 | Lair:3   | Noticed a black mamba
  3324 | Lair:4   | Noticed Josephine
  3330 | Lair:4   | Noticed a death yak
  3331 | Lair:4   | Noticed a death yak
  3331 | Lair:4   | Noticed a death yak
  3388 | Lair:5   | Noticed a spiny frog
  3410 | Lair:5   | Noticed a komodo dragon
  3437 | Lair:5   | Slain by a komodo dragon

Vault maps used:
D:1:      dpeg_arrival_chambers_temple_mockup, serial_bayou_lagoon_b
D:2:      wad_lake_hut, chequers_ecumenical_altar_twisty, first_bread,
          minmay_item_behind_shaft
D:4:      ashenzari_conservatory_becter, okawaru_ov_weapons_minmay
D:5:      lemuel_ice_spiral_2, lemuel_crystal_altar, uniq_grinder
D:6:      cheibrodos_thug_alley, lemuel_zombie_altar_yredelemnul, uniq_duvessa
D:7:      lemuel_blue_sif_altar, gammafunk_temple_overflow_arena,
          minmay_temple_entry_large_hall, serial_shops, kennysheep_mini_moat,
          basic_altar, the_bakery, grunt_qazlal_clouds
D:8:      zaba_anthell
D:9:      orc_david_3, minmay_misc_feat_doors
D:10:     erik_lair_orcish_takeover, enter_bailey_3, feat_on_display
Lair:1:   uniq_sonja
Lair:2:   elwin_shoals_entry_stream, basic_altar, st_stairs_8,
          hibernation_bobbens, uniq_urug
Lair:3:   spider_nest_entry_webs, enter_volcano_3
Lair:4:   special_room, st_stairs_5, kennysheep_abandoned_house,
          infiniplex_staircase_pool, uniq_josephine
Lair:5:   infiniplex_staircase_pool_2
Bailey:   bailey_axe_3, bailey

Skill      XL: |  1  2  3  4  5  6  7  8 |
---------------+-------------------------+-----
Stealth        | 6 9 11 12 14 17 | 17.5
Fighting       | |  1.5
Short Blades   | |  2.1
Throwing       | |  2.0
Dodging        | |  1.5

Action                   |  1- 3 |  4- 6 |  7- 9 || total
-------------------------+-------+-------+-------++-------
Melee: Dagger            |    29 |   103 |    80 ||   212
Invok: Curse Item        |     1 |     1 |       ||     2
Evoke: Wand              |       |     4 |    13 ||    17
  Use: Scroll            |       |     3 |     6 ||     9
       Potion            |       |     2 |       ||     2
 Stab: Sleeping          |     4 |     3 |    10 ||    17
       Distracted        |     1 |       |       ||     1
       Confused          |       |     2 |     5 ||     7
Armor: Robe              |     2 |    22 |    19 ||    43
Dodge: Dodged            |    12 |    63 |    70 ||   145

Table legend:
 A = Spawn XP
 B = Non-spawn XP
 C = Spawn XP percentage of total XP
 D = Spawn monster count
 E = Non-spawn monster count
 F = Spawn count percentage of total count
 G = Total turns spent on level
                    A         B        C        D         E        F      G
               +---------+---------+-------+---------+---------+-------+---------
         Total |      97 |    2763 |   3.4 |       3 |      43 |   6.5 |  3437
               +---------+---------+-------+---------+---------+-------+---------
           D:1 |       0 |       2 |   0.0 |       0 |       2 |   0.0 |    61
           D:2 |       0 |       4 |   0.0 |       0 |       3 |   0.0 |    81
           D:3 |       0 |      10 |   0.0 |       0 |       4 |   0.0 |   286
           D:4 |       0 |       6 |   0.0 |       0 |       2 |   0.0 |   229
           D:5 |       0 |     115 |   0.0 |       0 |       1 |   0.0 |    21
           D:6 |      97 |     370 |  20.8 |       3 |       9 |  25.0 |  1032
           D:7 |       0 |     588 |   0.0 |       0 |       9 |   0.0 |   583
           D:8 |       0 |     182 |   0.0 |       0 |       2 |   0.0 |   194
           D:9 |       0 |     128 |   0.0 |       0 |       3 |   0.0 |   200
          D:10 |       0 |     138 |   0.0 |       0 |       5 |   0.0 |   194
        Lair:1 |       0 |     210 |   0.0 |       0 |       1 |   0.0 |   224
        Lair:2 |       0 |     403 |   0.0 |       0 |       1 |   0.0 |   111
        Bailey |       0 |     607 |   0.0 |       0 |       1 |   0.0 |    35
               +---------+---------+-------+---------+---------+-------+---------

Vault maps used:
D:1:      dpeg_arrival_chambers_temple_mockup, serial_bayou_lagoon_b
D:2:      wad_lake_hut, chequers_ecumenical_altar_twisty, first_bread,
          minmay_item_behind_shaft
D:4:      ashenzari_conservatory_becter, okawaru_ov_weapons_minmay
D:5:      lemuel_ice_spiral_2, lemuel_crystal_altar, uniq_grinder
D:6:      cheibrodos_thug_alley, lemuel_zombie_altar_yredelemnul, uniq_duvessa
D:7:      lemuel_blue_sif_altar, gammafunk_temple_overflow_arena,
          minmay_temple_entry_large_hall, serial_shops, kennysheep_mini_moat,
          basic_altar, the_bakery, grunt_qazlal_clouds
D:8:      zaba_anthell
D:9:      orc_david_3, minmay_misc_feat_doors
D:10:     erik_lair_orcish_takeover, enter_bailey_3, feat_on_display
Lair:1:   uniq_sonja
Lair:2:   elwin_shoals_entry_stream, basic_altar, st_stairs_8,
          hibernation_bobbens, uniq_urug
Lair:3:   spider_nest_entry_webs, enter_volcano_3
Lair:4:   special_room, st_stairs_5, kennysheep_abandoned_house,
          infiniplex_staircase_pool, uniq_josephine
Lair:5:   infiniplex_staircase_pool_2
Bailey:   bailey_axe_3, bailey

Table legend:
 A = Turns spent in this place as a percentage of turns spent in the entire game.
 B = Non-inter-level travel turns spent in this place as a percentage of non-inter-level travel turns spent in the entire game.
 C = Inter-level travel turns spent in this place as a percentage of turns spent in this place.
 D = Turns resting spent in this place as a percentage of non-inter-level travel turns spent in this place.
 E = Turns spent auto-exploring this place as a percentage of non-inter-level travel turns spent in this place.
 F = Non-inter-level travel turns spent in this place divided by the number of levels of this place that you've seen.
                   A       B       C       D       E      F
               +-------+-------+-------+-------+-------+----------------------
         Total | 100.0 | 100.0 |   0.1 |  37.7 |  14.6 | 214.6
       Dungeon |  83.8 |  83.8 |   0.1 |  39.1 |  15.6 | 287.7
          Lair |  15.2 |  15.2 |   0.0 |  32.4 |  10.0 | 104.2
        Bailey |   1.0 |   1.0 |   0.0 |   0.0 |   0.0 |  35.0
               +-------+-------+-------+-------+-------+----------------------

Table legend:
 A = Kills in this place as a percentage of kills in entire the game.
 B = Kills by you in this place as a percentage of kills by you in the entire game.
 C = Kills by friends in this place as a percentage of kills by friends in the entire game.
 D = Other kills in this place as a percentage of other kills in the entire game.
 E = Experience gained in this place as a percentage of experience gained in the entire game.
 F = Experience gained in this place divided by the number of levels of this place that you have seen.
                   A       B       C       D       E      F
               +-------+-------+-------+-------+-------+----------------------
         Total | 100.0 | 100.0 |   N/A | 100.0 | 100.0 | 178.8
       Dungeon |  93.5 |  93.3 |   N/A | 100.0 |  57.3 | 164.0
          Lair |   4.3 |   4.4 |   N/A |   0.0 |  21.4 | 122.6
        Bailey |   2.2 |   2.2 |   N/A |   0.0 |  21.2 | 607.0
               +-------+-------+-------+-------+-------+----------------------
